 Dungeon Crawl Stone Soup version 0.30.0 (webtiles) character file.

Game seed: 16603690824851388099

238 jamie the Covered (level 5, -4/47 HPs)
             Began as a Minotaur Fighter on Nov 16, 2023.
             Slain by Blork the orc
             ... wielding a +0 glaive
              (12 damage)
             ... on level 5 of the Dungeon.
             The game lasted 00:27:57 (3935 turns).

jamie the Covered (Minotaur Fighter)                Turns: 3935, Time: 00:27:57

Health: -4/47      AC:  8    Str: 20    XL:     5   Next: 78%
Magic:  4/4        EV:  9    Int:  5    God:
Gold:   262        SH:  5    Dex: 12    Spells: 4/4 levels left

rFire   x . .        a - +0 long sword
rCold   + . .        c - +0 buckler
rNeg    . . .        b - +1 scale mail
rPois   .            (helmet restricted)
rElec   .            (no cloak)
rCorr   .            (no gloves)
SInv    .            (no boots)
Will    .....        (no amulet) Stlth
                     l - ring of ice
HPRegen 0.27/turn    (no ring)
MPRegen 0.09/turn

%: no passive effects
@: no status effects
A: horns 2, retaliatory headbutt
a: no special abilities


You were on level 5 of the Dungeon.
You visited 1 branch of the dungeon, and saw 5 of its levels.

You collected 262 gold pieces.

Inventory:

Hand Weapons
 a - a +0 long sword (weapon)
 j - a +0 long sword
 o - a +1 dagger of electrocution
 p - a +0 shortbow
Missiles
 g - 12 boomerangs (quivered)
Armour
 b - a +1 scale mail (worn)
 c - a +0 buckler (worn)
Magical Staves
 m - a staff of air
Jewellery
 l - a ring of ice (left hand)
Potions
 d - 2 potions of might
 e - 2 potions of heal wounds {unknown}
 f - a potion of invisibility
 h - 2 potions of attraction {unknown}
 i - a potion of degeneration {unknown}
 k - 3 potions of curing {unknown}
 n - a potion of lignification {unknown}


   Skills:
 + Level 4.5 Fighting
 + Level 4.7 Long Blades
 + Level 5.3 Armour
 + Level 0.6 Dodging
 + Level 0.1 Stealth
 + Level 4.4 Shields


You had 4 spell levels left.
You didn't know any spells.
Your spell library contained the following spells:

 Spells                   Type           Power      Damage    Failure   Level
 Shock                    Conj/Air       0%         1d3       87%         1
 Inner Flame              Hex/Fire       0%         N/A       99%         3
 Swiftness                Air            0%         N/A       99%         3
 Airstrike                Air            0%         2d(0-16)  100%        4
 Summon Forest            Summ/Tloc      0%         N/A       100%        5
 Yara's Violent Unravell  Hex/Tmut       0%         3d3       100%        5
 Eringya's Noxious Bog    Tmut/Pois      0%         N/A       100%        6
 Enfeeble                 Hex            0%         N/A       100%        7
 Summon Hydra             Summ           0%         N/A       100%        7


Dungeon Overview and Level Annotations

Branches:
Dungeon (5/15)
 Temple: D:4-7

Altars:
Makhleb
Sif Muna
Xom
The Shining One

Annotations:
D:5 Blork the orc


Innate Abilities, Weirdness & Mutations

You have a pair of horns on your head.
You reflexively headbutt those who attack you in melee.


Message History

a +0 spear; a gnoll corpse You barely miss the gnoll.
The gnoll hits you with a +0 spear.
You barely miss the gnoll. The gnoll hits you with a +0 spear.
Blork the orc casts a spell.
Blork the orc seems to speed up.
You barely miss the gnoll. You headbutt the gnoll.
The gnoll is moderately wounded.
The gnoll hits you with a +0 spear.
You closely miss the gnoll.
The gnoll is moderately wounded.
You block the gnoll's attack. The gnoll barely misses you.
You furiously retaliate!
You headbutt the gnoll!
You kill the gnoll!
You slash the gnoll! Your headbutt misses the gnoll.
The gnoll is heavily wounded.
The gnoll barely misses you. You block Blork the orc's attack.
You hit the gnoll. Your headbutt misses the gnoll.
The gnoll is severely wounded.
You block Blork the orc's attack. The gnoll completely misses you.
You hit the gnoll.
The gnoll is almost dead.
Blork the orc hits you from afar with a +0 glaive!
The gnoll hits you but does no damage. Blork the orc barely misses you.
You slash the gnoll!
You kill the gnoll!
Blork the orc casts a spell at you. The magic dart hits you.
You block Blork the orc's attack. Blork the orc barely misses you.
Items here: )) ††.
You hit Blork the orc but do no damage. You block Blork the orc's attack.
Blork the orc hits you with a +0 glaive!
* * * LOW HITPOINT WARNING * * *
You hit Blork the orc but do no damage.
Blork the orc hits you with a +0 glaive.
* * * LOW HITPOINT WARNING * * *
Blork the orc hits you with a +0 glaive.
* * * LOW HITPOINT WARNING * * *
You barely miss Blork the orc. Blork the orc barely misses you.
Blork the orc hits you with a +0 glaive!
You die...

#############
......o@)...#
###########(#
#.# #.# #.#
#######.##
.........#
#######.<#
#).#


You could see Blork the orc (fast).

Vanquished Creatures
  A hound (D:4)
  A jelly (D:4)
  An orc wizard (D:4)
  3 gnolls (D:5)
  5 adders
  A worm (D:4)
  3 dart slugs
  4 orcs (D:4)
  4 endoplasms
  2 giant cockroaches
  6 goblins
  4 hobgoblins
  10 jackals
  3 kobolds
  3 quokkas (D:1)
  3 ball pythons (D:1)
  8 bats
  3 frilled lizards
  6 rats
71 creatures vanquished.

Notes
Turn   | Place    | Note
-------+----------+-------------------------------------------
     0 | D:1      | jamie the Minotaur Fighter began the quest for the Orb.
     0 | D:1      | Reached XP level 1. HP: 19/19 MP: 0/0
   105 | D:1      | Reached XP level 2. HP: 26/27 MP: 1/1
   264 | D:1      | Reached skill level 4 in Armour
   464 | D:1      | Reached XP level 3. HP: 33/33 MP: 2/2
   969 | D:2      | Found a faded altar of an unknown god.
  1597 | D:3      | Found a glowing golden altar of the Shining One.
  1701 | D:3      | Reached XP level 4. HP: 38/40 MP: 3/3
  1778 | D:3      | Found a shimmering blue altar of Sif Muna.
  2461 | D:4      | Found a burning altar of Makhleb.
  2521 | D:4      | Found a shimmering altar of Xom.
  2726 | D:4      | Reached skill level 5 in Armour
  2726 | D:4      | Reached XP level 5. HP: 38/46 MP: 4/4
  3908 | D:5      | Entered Level 5 of the Dungeon
  3921 | D:5      | Noticed Blork the orc
  3935 | D:5      | Slain by Blork the orc

Illustrated notes

Levels and vault maps discovered:
D:1:      dpeg_arrival_shrine, layout_loops_ring, nrook_campfire
D:2:      layout_loops_ring, hellmonk_ecumenical_altar_blasted
D:3:      layout_basic, amcnicky_altar_gilded, mainiacjoe_overflow_paths
D:4:      mumra_celtic_spiral_tile, layout_loops_corners, xom_teletrap_fun,
          lemuel_coloured_pillars_altar
D:5:      layout_loops_ring, nemelex_spade_bored_becter,
          hangedman_abyss_or_decor_lesser_grid, minmay_misc_feat_rows,
          uniq_blork_the_orc, uniq_menkaure, uniq_sigmund

Skill      XL: |  1  2  3  4 |
---------------+-------------+-----
Fighting       | 4 |  4.5
Shields        | 4 |  4.4
Armour         | 4 5 |  5.3
Long Blades    | 3 4 |  4.7
Dodging        | |  0.6
Stealth        | |  0.1

Action                     |  1- 3 |  4- 6 || total
---------------------------+-------+-------++-------
  Melee: Long sword        |    97 |    75 ||   172
         Headbutt          |    14 |    11 ||    25
    Use: Scroll            |     3 |     5 ||     8
 Armour: Scale mail        |    46 |    20 ||    66
  Dodge: Dodged            |    49 |    32 ||    81
  Block: Buckler           |    23 |    19 ||    42
